 Dungeon Crawl Stone Soup version 0.25-a0-701-gb30f108 (webtiles) character file.

Game seed: 743406015447168901, levelgen mode: deterministic

1110 MrTaco21 the Basher (level 8, -9/46 HPs)
             Began as a Gargoyle Fighter on Apr 3, 2020.
             Mangled by an orc warrior
             ... wielding a +0 glaive
              (15 damage)
             ... on level 6 of the Dungeon.
             The game lasted 00:07:18 (5047 turns).

MrTaco21 the Basher (Gargoyle Fighter)              Turns: 5047, Time: 00:07:19

Health: -9/46      AC: 17    Str: 24    XL:     8   Next: 33%
Magic:  8/8        EV:  5    Int:  9    God:
Gold:   214        SH:  9    Dex:  9    Spells: 7/7 levels left

rFire    . . .     SeeInvis .   a - +0 flail
rCold    + . .     Gourm    .   c - +0 kite shield
rNeg     + . .     Faith    .   k - +0 chain mail
rPois    ∞         Spirit   .   (no helmet)
rElec    +         Reflect  .   (no cloak)
rCorr    .         Harm     .   (no gloves)
MR       .....                  (no boots)
Stlth    ..........             (no amulet)
HPRegen  0.15/turn              y - ring of a Billion Shrikes {+Blink AC+3 Str+2}
MPRegen  0.11/turn              o - ring of protection from cold

@: no status effects
A: negative energy resistance 1, electricity resistance, unbreathing,
petrification resistance, rot immunity, AC +5
a: Evoke Blink


You were on level 6 of the Dungeon.
You were near starving.

You visited 1 branch of the dungeon, and saw 6 of its levels.

You collected 279 gold pieces.
You spent 65 gold pieces at shops.

Inventory:

Hand Weapons
 a - a +0 flail (weapon)
Missiles
 h - 68 poisoned darts (quivered)
Armour
 b - a +0 plate armour
   (You found it on level 4 of the Dungeon)
 c - a +0 kite shield (worn)
 k - a +0 chain mail (worn)
   (You found it on level 4 of the Dungeon)
Jewellery
 o - a ring of protection from cold (right hand)
   (You found it on level 5 of the Dungeon)
 y - the ring of a Billion Shrikes (left hand) {+Blink AC+3 Str+2}
   (You found it on level 5 of the Dungeon)

   [ring of protection]

   It affects your AC (+3).
   It affects your strength (+2).
   It lets you blink.
Wands
 u - a wand of paralysis (9)
   (You found it on level 5 of the Dungeon)
 v - a wand of clouds (7)
   (You found it on level 6 of the Dungeon)
Scrolls
 f - a scroll of random uselessness
 g - 2 scrolls of remove curse {@r2}
 l - a scroll of enchant armour {unknown}
 m - a scroll of magic mapping
 n - a scroll of immolation {!r}
 q - a scroll of vulnerability {unknown}
 r - 4 scrolls of teleportation {@r4}
 s - a scroll of amnesia {unknown}
 w - a scroll of enchant weapon {unknown}
 x - a scroll of fear {unknown}
 z - 3 scrolls of identify {@r1}
Potions
 d - a potion of might
 i - 2 potions of curing {unknown}
 j - a potion of cancellation {unknown}
 p - 2 potions of degeneration {unknown}
 t - 3 potions of heal wounds {@q2}
Comestibles
 e - 13 rations {!d}


   Skills:
 - Level 3.2 Fighting
 + Level 9.8 Maces & Flails
 - Level 3.2 Armour
 - Level 3.2 Shields


You had 7 spell levels left.
You didn't know any spells.
Your spell library was empty.

Dungeon Overview and Level Annotations

Branches:
Dungeon (6/15)
 Temple: D:4-7

Altars:
Ashenzari
Elyvilon
Fedhas
Yredelemnul

Shops:
D:5 [?!%(

Annotations:
D:5 1 runed translucent door


Innate Abilities, Weirdness & Mutations

You are resistant to torment.
Your stone body is resilient. (AC +5)
You are immune to poison.
You resist negative energy. (rN+)
You are resistant to electric shocks. (rElec)
You can survive without breathing.
You are immune to petrification.
You are immune to rotting.


Message History

You hit the orc but do no damage. You block the orc's attack.
The orc warrior hits you but does no damage.
You block the orc's attack.
You hit the orc but do no damage. You block the orc's attack.
The orc warrior hits you from afar with a +0 glaive.
You block the orc's attack.
You hit the orc but do no damage. The orc hits you but does no damage. x2
You hit the orc but do no damage. The orc warrior completely misses you.
The orc hits you but does no damage. x2
You hit the orc but do no damage.
The orc warrior hits you but does no damage.
You block the orc's attack. The orc barely misses you.
You barely miss the orc. The orc warrior completely misses you.
The orc hits you with a +0 short sword. The orc hits you but does no damage.
You closely miss the orc. You block the orc's attack.
You barely miss the orc. You block the orc warrior's attack.
The orc hits you but does no damage. You block the orc's attack.
You barely miss the orc. The orc hits you but does no damage.
The orc warrior hits you but does no damage.
You closely miss the orc. The orc hits you but does no damage.
The orc barely misses you.
The orc warrior hits you but does no damage.
You block the orc's attack.
Your chain mail prevents you from hitting the orc.
You block the orc's attack. The orc barely misses you.
The orc warrior barely misses you.
You sock the orc!
You kill the orc!
The orc hits you but does no damage.
You closely miss the orc.
The orc warrior hits you but does no damage.
You block the orc's attack.
You hit the orc. The orc warrior barely misses you.
The orc hits you but does no damage.
You sock the orc!
You kill the orc!
The orc warrior hits you from afar with a +0 glaive!
You hit the orc warrior but do no damage.
The orc warrior closely misses you.
You closely miss the orc warrior.
The orc warrior hits you with a +0 glaive.
* * * LOW HITPOINT WARNING * * *
You closely miss the orc warrior.
The orc warrior hits you with a +0 glaive!!
* * * LOW HITPOINT WARNING * * *
You hit the orc warrior.
Unknown command.
You closely miss the orc warrior.
The orc warrior hits you with a +0 glaive!
You die...

............#..#### ##.#
.............#....####...#.
...........................#. .
.............####.#.......... ..
..............###...........###.)
......)((((...............#......
.........(.(.###..........#....#.
....#.....#.<.###o........#......
###########.....@)...............
#...#..).............#.
#.....#................
#.....#..............#.
.........#..............#.
.....#.....................
.....#.....................
...................##...>.(
........#...#...[.##.......


You could see an orc warrior.

Vanquished Creatures
  A sky beast (D:6)
  An ogre (D:5)
  3 centaurs
  A scorpion (D:5)
  2 bullfrog zombies (D:6)
  2 crimson imps
  A jelly (D:4)
  An orc priest (D:5)
  A bullfrog skeleton (D:6)
  2 orc wizards (D:5)
  3 iguanas
  5 worker ants
  6 adders
  A shadow imp (D:5)
  An ooze (D:1)
  An adder zombie (D:6)
  An adder skeleton (D:4)
  2 worms (D:2)
  3 dart slugs
  4 leopard geckos
  12 orcs
  A ball python (D:2)
  3 bats
  3 giant cockroaches
  4 goblins
  6 hobgoblins
  2 jackals (D:5)
  A quokka (D:3)
  9 frilled lizards
  6 kobolds
  A leopard gecko zombie (D:5)
  A quokka skeleton (D:5)
  6 rats
97 creatures vanquished.

Notes
Turn   | Place    | Note
-------+----------+-------------------------------------------
     0 | D:1      | MrTaco21 the Gargoyle Fighter began the quest for the Orb.
     0 | D:1      | Reached XP level 1. HP: 14/14 MP: 1/1
    67 | D:1      | Reached XP level 2. HP: 17/19 MP: 2/2
    83 | D:1      | Reached skill level 3 in Maces & Flails
   148 | D:1      | You fall into a shaft and drop 1 floor!
   174 | D:2      | Found a blossoming altar of Fedhas.
   276 | D:2      | Reached XP level 3. HP: 23/23 MP: 3/3
   344 | D:2      | Reached skill level 4 in Maces & Flails
   355 | D:2      | Reached XP level 4. HP: 9/28 MP: 4/4
  1594 | D:3      | Found a basalt altar of Yredelemnul.
  1622 | D:3      | Found a faded altar of an unknown god.
  1801 | D:3      | Reached skill level 5 in Maces & Flails
  1890 | D:3      | Reached XP level 5. HP: 32/32 MP: 5/5
  2071 | D:3      | Found a white marble altar of Elyvilon.
  3073 | D:4      | Reached skill level 6 in Maces & Flails
  3190 | D:4      | Reached XP level 6. HP: 33/37 MP: 6/6
  3594 | D:5      | Entered Level 5 of the Dungeon
  3594 | D:5      | Found Tewau's Armour Boutique.
  3693 | D:5      | Found a shattered altar of Ashenzari.
  3804 | D:5      | Reached skill level 7 in Maces & Flails
  3820 | D:5      | Found Uteeree's Food Boutique.
  3820 | D:5      | Found Buibbi's Antique Weapon Emporium.
  3853 | D:5      | Got a scorched iron ring
  3855 | D:5      | Identified the ring of a Billion Shrikes {+Blink AC+3
                  | Str+2} (You found it on level 5 of the Dungeon)
  3874 | D:5      | Reached XP level 7. HP: 31/41 MP: 7/7
  3885 | D:5      | You fall into a shaft and drop 1 floor!
  4046 | D:5      | Found a runed translucent door.
  4046 | D:5      | Found a white marble altar of Elyvilon.
  4046 | D:5      | Noticed an angel
  4093 | D:5      | Reached skill level 8 in Maces & Flails
  4341 | D:5      | Found Imelewk's Magic Scroll Shoppe.
  4893 | D:5      | Found Duniyxae's Distillery.
  4898 | D:5      | Bought a potion of heal wounds for 65 gold pieces
  4925 | D:6      | Reached skill level 9 in Maces & Flails
  4933 | D:6      | Reached XP level 8. HP: 35/46 MP: 8/8
  5047 | D:6      | Mangled by an orc warrior

Levels and vault maps discovered:
D:1:      lightli_molten_gateway, layout_basic
D:2:      lemuel_upstairs_altar, layout_basic, old_standard_altar, first_ration
D:3:      layout_basic, kennysheep_ying_yang, serial_bayou, serial_bayou_ford_a,
          serial_bayou_shore_b, serial_bayou_shore_a, serial_bayou_pond_e,
          serial_bayou_lagoon_a, chequers_ecumenical_altar_simple_redux,
          minmay_misc_feat_pillars
D:4:      layout_basic, portal_sewer_entry_e, chequers_serial_rivers_small_a,
          minmay_misc_feat_alley
D:5:      layout_basic, serial_shops, shop, shop_statue, kennysheep_little_box,
          shop, nicolae_shop_waterfront, basic_altar, minmay_misc_feat_roman,
          lemuel_angel_altar
D:6:      layout_rooms

Skill      XL: |  1  2  3  4  5  6  7 |
---------------+----------------------+-----
Maces & Flails | 3 4 5 6 7 9 |  9.8
Fighting       | |  3.2
Armour         | |  3.2
Shields        | |  3.2

Action                   |  1- 3 |  4- 6 |  7- 9 || total
-------------------------+-------+-------+-------++-------
Melee: Flail             |    68 |   253 |   128 ||   449
  Use: Scroll            |       |     5 |       ||     5
  Eat: Chunk             |       |    10 |     2 ||    12
Armor: Scale mail        |    29 |    60 |       ||    89
       Chain mail        |       |    68 |    64 ||   132
Dodge: Dodged            |    17 |    65 |    34 ||   116
Block: Kite shield       |    39 |    97 |    53 ||   189

Table legend:
 A = Non-vault XP
 B = Vault XP
 C = Vault XP percentage of total XP
 D = Non-vault monster count
 E = Vault monster count
 F = Vault count percentage of total count
                 A         B        C        D         E       F
            +---------+---------+-------+---------+---------+-------
      Total |    1586 |       0 |   0.0 |      97 |       0 |   0.0
            +---------+---------+-------+---------+---------+-------
        D:1 |      43 |       0 |   0.0 |      23 |       0 |   0.0
        D:2 |      78 |       0 |   0.0 |      14 |       0 |   0.0
        D:3 |      71 |       0 |   0.0 |      16 |       0 |   0.0
        D:4 |     254 |       0 |   0.0 |      11 |       0 |   0.0
        D:5 |     742 |       0 |   0.0 |      25 |       0 |   0.0
        D:6 |     398 |       0 |   0.0 |       8 |       0 |   0.0
            +---------+---------+-------+---------+---------+-------
